 Dungeon Crawl Stone Soup version 0.27-a0-1202-ge72e49191c (webtiles) character file.

Game seed: 5660219752776270457

994 Mesmaeker13 the Skirmisher (level 8, 0/65 HPs)
             Began as a Barachi Hunter on June 3, 2021.
             Succumbed to a water moccasin's poison
             ... on level 5 of the Dungeon.
             The game lasted 00:10:41 (7449 turns).

Mesmaeker13 the Skirmisher (Barachi Hunter)         Turns: 7449, Time: 00:10:41

Health: 0/65       AC: 10    Str: 15    XL:     8   Next: 19%
Magic:  8/8        EV:  7    Int: 13    God:
Gold:   242        SH:  0    Dex: 12    Spells: 7/7 levels left

rFire    + . .     SeeInvis +   r - +0 trident (freeze)
rCold    . . .     Faith    .   (no shield)
rNeg     . . .     Spirit   .   w - +0 chain mail
rPois    .         Reflect  .   v - +0 helmet
rElec    .         Harm     .   (no cloak)
rCorr    .         Rampage  .   (no gloves)
Will     .....                  (no boots)
Stlth    ..........             (no amulet)
HPRegen  0.20/turn              h - ring of see invisible
MPRegen  0.11/turn              n - ring of protection from fire

@: lethally poisoned (0 -> -3), slow
A: amphibious, slowness 1, strong legs 1, +LOS
a: Hop


You were on level 5 of the Dungeon.
You visited 1 branch of the dungeon, and saw 6 of its levels.

You collected 242 gold pieces.

Inventory:

Hand Weapons
 a - a +1 shortbow
 r - a +0 trident of freezing (weapon)
Missiles
 d - 54 arrows
Armour
 v - a +0 helmet (worn)
 w - a +0 chain mail (worn)
Jewellery
 e - an amulet of faith
 h - a ring of see invisible (left hand)
 n - a ring of protection from fire (right hand)
Scrolls
 f - a scroll of silence {unknown}
 g - a scroll of blinking
 i - 2 scrolls of teleportation {unknown}
 j - 6 scrolls of amnesia
 p - a scroll of fear
 s - a scroll of torment {unknown}
 t - a scroll of magic mapping {unknown}
 u - a scroll of noise {unknown}
Potions
 c - a potion of lignification {unknown}
 l - a potion of attraction {unknown}
 o - a potion of invisibility {unknown}
 q - a potion of berserk rage {unknown}


   Skills:
 + Level 6.5 Fighting
 + Level 2.5 Polearms
 + Level 6.4 Bows
 + Level 4.0 Armour
 - Level 4.3 Dodging
 - Level 0.8 Stealth


You had 7 spell levels left.
You didn't know any spells.
Your spell library contained the following spells:

 Spells                   Type           Power      Damage    Failure   Level
 Animate Skeleton         Necr           0%         N/A       99%         1
 Apportation              Tloc           0%         N/A       99%         1
 Corona                   Hex            0%         N/A       99%         1
 Sandblast                Erth           0%         2d4       99%         1
 Summon Small Mammal      Summ           0%         N/A       99%         1
 Passwall                 Tmut/Erth      0%         N/A       100%        2
 Stone Arrow              Conj/Erth      0%         3d7       100%        3
 Petrify                  Tmut/Erth      0%         N/A       100%        4
 Lee's Rapid Deconstruct  Erth           0%         3d5*      100%        5


Dungeon Overview and Level Annotations

Branches:
Dungeon (6/15)             Temple (0/1) D:6

Altars:

Annotations:
D:5 2 transporters, p0werm0de's ghost, novice DDFi
D:6 Blork the orc; Duvessa; Edmund; Menkaure


Innate Abilities, Weirdness & Mutations

You are amphibious.
You cover ground slowly.
You can hop short distances.
You have an extended range of vision and can be seen from far away.


Message History

The water moccasin poisons you!
You miss the water moccasin.
The water moccasin is moderately wounded.
* * * LOW HITPOINT WARNING * * *
You feel very sick.
The water moccasin bites you but does no damage.
You feel better.
The water moccasin bites you but does no damage. x2
You hit the water moccasin. You freeze the water moccasin.
The water moccasin is heavily wounded.
The water moccasin bites you.
You are poisoned.
The water moccasin poisons you!
You barely miss the water moccasin.
The water moccasin is heavily wounded.
You feel very sick.
The water moccasin bites you but does no damage.
The water moccasin bites you.
* * * LOW HITPOINT WARNING * * *
You closely miss the water moccasin.
The water moccasin is heavily wounded.
You feel very sick.
The water moccasin closely misses you. x2
You closely miss the water moccasin.
The water moccasin is heavily wounded.
You feel sick. The water moccasin barely misses you.
You closely miss the water moccasin.
The water moccasin is heavily wounded.
You feel sick. The water moccasin barely misses you.
The water moccasin bites you.
* * * LOW HITPOINT WARNING * * *
You hit the water moccasin.
The water moccasin seems to slow down.
You freeze the water moccasin.
The water moccasin is severely wounded.
* * * LOW HITPOINT WARNING * * *
You feel sick.
The water moccasin bites you but does no damage.
You closely miss the water moccasin.
The water moccasin is severely wounded.
You die...

#########..##..#.#
##'###########
.Wyyy#####..##[#.#
#............
#.yy#...###......#
#############
.###.!#..##..##..#
#...#.#.###..##..#
:.# ### #...##..#
# ..#)#.###.###..#
.###..#..##.# ##S#
#...#...###.# #@#
..©.y#####..# ###
#########..##
..©.......##
#..######## #.##
#.# #.# #.#


You could see a water moccasin (slow).

Vanquished Creatures
  A black bear (D:4)
  4 ogres
  A centaur (D:6)
  Dowan (D:6)
  A centaur skeleton (D:6)
  A bullfrog skeleton (D:4)
  2 iguanas (D:5)
  Terence (D:2)
  Robin (D:4)
  5 adders
  9 gnolls
  A white imp (D:5)
  2 adder skeletons (D:4)
  3 worms
  2 dart slugs
  9 orcs
  8 bats
  9 endoplasms
  A giant cockroach (D:1)
  15 goblins
  12 hobgoblins
  23 jackals
  6 quokkas
  7 ball pythons
  6 frilled lizards
  7 kobolds
  3 rats
141 creatures vanquished.

Vanquished Creatures (others)
  A withered plant (D:1)
1 creature vanquished.

Grand Total: 142 creatures vanquished

Notes
Turn   | Place    | Note
-------+----------+-------------------------------------------
     0 | D:1      | Mesmaeker13 the Barachi Hunter began the quest for the Orb.
     0 | D:1      | Reached XP level 1. HP: 17/17 MP: 1/1
   202 | D:1      | Reached XP level 2. HP: 23/23 MP: 2/2
   555 | D:1      | Found a faded altar of an unknown god.
   565 | D:1      | Reached XP level 3. HP: 21/29 MP: 3/3
  1526 | D:2      | Reached XP level 4. HP: 29/35 MP: 4/4
  2145 | D:2      | Noticed Terence
  2165 | D:2      | Killed Terence
  2467 | D:3      | Reached XP level 5. HP: 35/42 MP: 5/5
  3573 | D:4      | Noticed an ogre
  3583 | D:4      | Killed an ogre
  3584 | D:4      | Reached skill level 5 in Bows
  3584 | D:4      | Reached XP level 6. HP: 49/49 MP: 6/6
  3773 | D:4      | Reached skill level 5 in Fighting
  3773 | D:4      | Reached skill level 1 in Armour
  3884 | D:4      | Reached XP level 7. HP: 21/56 MP: 7/7
  4429 | D:4      | Noticed Robin
  4447 | D:4      | Killed Robin
  4569 | D:4      | Reached skill level 1 in Polearms
  5397 | D:5      | Entered Level 5 of the Dungeon
  5506 | D:5      | Found a transporter.
  5538 | D:5      | Noticed p0werm0de's ghost (novice DDFi)
  6410 | D:5      | Found a transporter.
  6701 | D:6      | Noticed Edmund
  6948 | D:6      | Noticed Menkaure
  6951 | D:6      | Noticed Dowan
  7183 | D:6      | Found a staircase to the Ecumenical Temple.
  7192 | D:5      | Reached XP level 8. HP: 60/64 MP: 8/8
  7231 | D:6      | Noticed Blork the orc
  7408 | D:6      | Noticed Duvessa
  7420 | D:6      | Killed Dowan
  7447 | D:5      | HP: 2/65 [water moccasin (6)]
  7449 | D:5      | Succumbed to a water moccasin's poison

Illustrated notes

Levels and vault maps discovered:
D:1:      dpeg_arrival_pond, layout_basic, ebering_ecumenical_altar_petrified
D:2:      layout_basic, serial_curves, eino_curves_04, eino_curves_01,
          chequers_serial_rivers_small_b, uniq_terence
D:3:      layout_rooms
D:4:      layout_cave_pods, serial_column_ruins, column_ruins_grid_5,
          column_ruins_columns_straight, column_ruins_grid_1,
          column_ruins_open_tiny, column_ruins_columns_dead_end,
          column_ruins_open_tiny, column_ruins_open_tiny, minmay_parallelograms,
          uniq_robin
D:5:      layout_basic, gammafunk_ghost_hive
D:6:      layout_rooms, chequers_temple_overflow_minitemple,
          minmay_temple_entry_sparse_star, uniq_menkaure, uniq_duvessa,
          uniq_edmund, uniq_blork_the_orc

Skill      XL: |  1  2  3  4  5  6  7  8 |
---------------+-------------------------+-----
Fighting       | 3 4 5 6 |  6.5
Dodging        | 3 4 |  4.3
Bows           | 5 6 |  6.4
Armour         | 2 3 4 |  4.0
Polearms       | 2 |  2.5
Stealth        | |  0.8

Action                   |  1- 3 |  4- 6 |  7- 9 || total
-------------------------+-------+-------+-------++-------
Melee: Short sword       |    23 |    74 |       ||    97
       Flail             |       |    34 |    14 ||    48
       Trident           |       |       |   174 ||   174
 Fire: Shortbow          |    96 |   112 |    89 ||   297
Throw: Throwing net      |       |       |     1 ||     1
 Abil: Hop               |     1 |     3 |     3 ||     7
  Use: Scroll            |       |     3 |     1 ||     4
       Potion            |       |       |     3 ||     3
 Stab: Sleeping          |     1 |     1 |       ||     2
Armor: Leather armour    |    27 |    27 |       ||    54
       Skin              |       |    27 |       ||    27
       Ring mail         |       |    21 |       ||    21
       Scale mail        |       |       |    71 ||    71
       Chain mail        |       |       |    53 ||    53
Dodge: Dodged            |    65 |   110 |   117 ||   292

Table legend: (Time is in decaauts)
 A = Elapsed time spent in this place.
 B = Non-inter-level travel time spent in this place.
 C = Inter-level travel time spent in this place.
 D = Time resting spent in this place.
 E = Time spent auto-exploring this place.
 F = Levels seen in this place.
 G = Mean time per level.
                   A        B        C        D        E       F      G
               +--------+--------+--------+--------+--------+-----+--------+
         Total |   8245 |   7863 |    382 |   1979 |   4494 |   6 | 1374.2 |
       Dungeon |   8245 |   7863 |    382 |   1979 |   4494 |   6 | 1374.2 |
               +--------+--------+--------+--------+--------+-----+--------+

Top non-repeatable levels by time:
     D:4: 2131 daAuts
     D:5: 2090 daAuts
     D:1: 1632 daAuts
     D:2: 1423 daAuts
     D:3: 887 daAuts
     D:6: 80 daAuts
